 Dungeon Crawl Stone Soup version 0.32-a0-473-gd044c6f0f0 (webtiles) character file.

Game seed: 3772464920757178273

9 Esekla the Sneak (level 2, 21/21 HPs)
             Began as an Octopode Delver on Feb 25, 2024.
             Quit the game on level 5 of the Dungeon.
             The game lasted 00:01:49 (47 turns).

Esekla the Sneak (Octopode Delver)                    Turns: 47, Time: 00:01:49

Health: 21/21      AC:  1    Str: 11    XL:     2   Next: 12%
Magic:  2/2        EV: 13    Int: 12    God:
Gold:   0          SH:  0    Dex: 13    Spells: 1/1 levels left

rFire   . . .        a - +0 falchion
rCold   . . .        (no shield)
rNeg    . . .        (helmet restricted)
rPois   .            (no amulet)
rElec   .            (no ring)
rCorr   .            (no ring)
SInv    .            (no ring)
Will    .....        (no ring)
Stlth   ++++         (no ring)
HPRegen 0.23/turn    (no ring)
MPRegen 0.08/turn    (no ring)
                     (no ring)

%: no passive effects
@: no status effects
A: almost no armour, amphibious, 8 rings, camouflage 1, gelatinous body 1,
(nimble swimmer 1), tentacles
a: no special abilities


You were on level 5 of the Dungeon.
You visited 1 branch of the dungeon, and saw 1 of its levels.

Inventory:

Hand Weapons
 a - a +0 falchion (weapon)
Missiles
 h - 3 javelins (quivered)
Wands
 f - a wand of digging (3)
 g - a wand of roots (5)
Scrolls
 b - a scroll of fog
 d - a scroll of fear
Potions
 e - a potion of haste


   Skills:
 + Level 3.0 Fighting
 + Level 2.0 Long Blades
 + Level 2.0 Dodging
 + Level 7.1 Stealth


You had one spell level left.
You didn't know any spells.
Your spell library contained the following spells:

 Spells                   Type           Power      Damage    Failure   Level
 Gell's Gravitas          Tloc           0%         N/A       69%         3
 Teleport Other           Tloc           0%         N/A       69%         3
 Dispersal                Tloc           0%         N/A       100%        6


Dungeon Overview and Level Annotations

Branches:
Dungeon (5/15)
 Temple: D:4-7

Altars:


Innate Abilities, Weirdness & Mutations

You cannot wear most types of armour.
You are amphibious.
You can wear up to eight rings at the same time.
Your skin changes colour to match your surroundings (Stealth+).
Your rubbery body absorbs attacks. (AC +1, EV +1)
((You are camouflaged when in or above water. (Stealth+)))
You have tentacles for arms and can constrict up to eight enemies at once.


Message History

You hear the sound of rushing water.
There is an entrance to a sewer on this level.
Hurry and find it before the portal rusts away!
Welcome, Esekla the Octopode Delver.
They say the Orb of Zot lies within this dungeon, but they say a lot of things.
Press ? for a list of commands and other information.
Found a There-And-Back Book.
Found a stone staircase leading down and a stone staircase leading up.
Found a worn bronze wand.
You pick up a There-And-Back Book and begin reading...
You add the spells Gell's Gravitas, Teleport Other and Dispersal to your library.
g - a wand of roots (5)
A ribbon worm comes into view.
There is a stone staircase leading down here.
Found a stone staircase leading up.
Found 5 javelins.
An adder comes into view.
You see here 5 javelins.
h - 5 javelins The adder hisses angrily.
Throw: 5 javelins
Press: ? - help, Q - select action, (/) - cycle Shift-Dir - straight line, f - adder
Aim: an adder (32% to hit)
Okay, then.
As you read the scroll of revelation, it crumbles to dust.
You feel aware of your surroundings.
You sensed 1 shop/portal.
Throw: 5 javelins
Press: ? - help, Q - select action, (/) - cycle Shift-Dir - straight line, f - adder
Aim: an adder (32% to hit)
You throw a javelin.
The javelin completely misses the adder.
Throw: 4 javelins
Press: ? - help, Q - select action, (/) - cycle Shift-Dir - straight line, f/p - adder
Aim: an adder (32% to hit)
You throw a javelin. The javelin barely misses the adder.
You miss the adder. Your grab misses the adder. You squeeze the adder!
You kill the adder!
Your Stealth skill increases to level 7!
You have reached level 2!
Are you sure you want to abandon this character and quit the game? (Confirm with "yes".)

..########## **,**
..##.......####.(.######
..##.......####...######
.>##.......####...######
...........#####.#######
.w.........#####.#######
#.##.......#####.#######
..##.......#####†#######
...##.##########@#######
##.##.# #######.#######
......# #######.#######
##.#############.#######
#.###...........#######
#.........#.#.#########
#####.......#.#########
#....<###.#########
#.....###.#


There were no monsters in sight!

Vanquished Creatures
  An adder (D:5)
1 creature vanquished.

Notes
Turn   | Place    | Note
-------+----------+-------------------------------------------
     0 | D:5      | Esekla the Octopode Delver began the quest for the Orb.
     0 | D:5      | Reached XP level 1. HP: 16/16 MP: 1/1
    47 | D:5      | Reached skill level 7 in Stealth
    47 | D:5      | Reached XP level 2. HP: 21/21 MP: 2/2
    47 | D:5      | Quit the game

Illustrated notes

Levels and vault maps discovered:
D:5:      layout_loops_cross, portal_sewer_entry_d

Skill      XL: |  1 |
---------------+----+-----
Stealth        | 7 |  7.1
Fighting       | |  3.0
Long Blades    | |  2.0
Dodging        | |  2.0

Action                     || total
---------------------------++-------
  Melee: Falchion          ||     1
         Tentacles         ||     1
  Throw: Javelin           ||     2
    Use: Scroll            ||     1

Table legend: (Time is in decaauts)
 A = Elapsed time spent in this place.
 B = Non-inter-level travel time spent in this place.
 C = Inter-level travel time spent in this place.
 D = Time resting spent in this place.
 E = Time spent auto-exploring this place.
 F = Levels seen in this place.
 G = Mean time per level.
                   A        B        C        D        E       F      G
               +--------+--------+--------+--------+--------+-----+--------+
         Total |     48 |     48 |      0 |      0 |      0 |   1 |   48.0 |
       Dungeon |     48 |     48 |      0 |      0 |      0 |   1 |   48.0 |
               +--------+--------+--------+--------+--------+-----+--------+

Top non-repeatable levels by time:
     D:5: 48 daAuts
